| TOP OF THE 1ST |
|
London Majors batting - Pitching for Winnipeg Goldeyes : RHP Tom Winsor
|
|
Pitching: RHP Tom Winsor
|
|
|
Batting: RHB John Hering
|
0-0: Ball 1-0: Foul Ball, location: 2F 1-1: Ball 2-1: Swinging Strike 2-2: Strikes out swinging
|
|
Batting: RHB Brock Van Gilder
|
0-0: SINGLE (Groundball, 34D, EV 97.5 MPH)
|
|
Batting: LHB Frank Nelson
|
0-0: Ball 1-0: Called Strike Brock Van Gilder steals 2nd base 1-1: Ball Brock Van Gilder steals 3rd base (no throw) 2-1: Called Strike 2-2: Strikes out looking
|
|
Batting: RHB Frank Caulfield
|
0-0: Fly out, F8 (Line Drive, 8RD, EV 92.5 MPH)
|
| Top of the 1st over - 0 runs, 1 hit, 0 errors, 1 left on base; London 0 - Winnipeg 0 |
| BOTTOM OF THE 1ST |
|
Winnipeg Goldeyes batting - Pitching for London Majors : RHP Brad Harth
|
|
Pitching: RHP Brad Harth
|
|
|
Batting: RHB John Dew
|
0-0: Foul Ball, location: 2F 0-1: Called Strike 0-2: Reached on error, E4 (Groundball, 4, EV 101.3 MPH)
|
|
Batting: RHB David McClellan
|
0-0: Ball Wild Pitch! John Dew to second 1-0: Foul Ball, location: 2F 1-1: Foul Ball, location: 2F 1-2: Foul Ball, location: 2F 1-2: Ball 2-2: Strikes out looking
|
|
Batting: RHB Steve Raine
|
0-0: Called Strike 0-1: Ball 1-1: Foul Ball, location: 2F 1-2: Ground out 5-3 (Groundball, 56, EV 84.4 MPH)
|
|
Batting: SHB Ian Thompson
|
0-0: Ball 1-0: Ball 2-0: Ball 3-0: Base on Balls
|
|
Batting: LHB Marvin Shepherd
|
0-0: Foul Ball, location: 2F 0-1: Ball 1-1: Foul Ball, location: 2F 1-2: Ball 2-2: Fielders Choice at 2nd, 6-4 (Groundball, 6, EV 87.5 MPH)
|
| Bottom of the 1st over - 0 runs, 0 hits, 1 error, 2 left on base; London 0 - Winnipeg 0 |
| TOP OF THE 2ND |
|
London Majors batting - Pitching for Winnipeg Goldeyes : RHP Tom Winsor
|
|
Batting: RHB Chris Martin
|
0-0: Ball 1-0: Ball 2-0: Swinging Strike 2-1: Ball 3-1: Base on Balls
|
|
Batting: RHB Erik Coleman
|
0-0: Called Strike 0-1: Ball 1-1: Ball 2-1: Called Strike Chris Martin steals 2nd base 2-2: Strikes out swinging
|
|
Batting: RHB Jake Bronner
|
0-0: Called Strike 0-1: Ball 1-1: Called Strike Chris Martin steals 3rd base 1-2: Foul Ball, location: 2F 1-2: Ball 2-2: Foul Ball, location: 2F 2-2: Foul Ball, location: 2F 2-2: Ball 3-2: Strikes out swinging
|
|
Batting: RHB Bobby Lasaguna
|
0-0: Called Strike 0-1: Ball 1-1: Foul Ball, location: 2F 1-2: Strikes out swinging
|
| Top of the 2nd over - 0 runs, 0 hits, 0 errors, 1 left on base; London 0 - Winnipeg 0 |
| BOTTOM OF THE 2ND |
|
Winnipeg Goldeyes batting - Pitching for London Majors : RHP Brad Harth
|
|
Batting: LHB Kuemon Shishido
|
0-0: Ball 1-0: Called Strike 1-1: Ball 2-1: Swinging Strike 2-2: Fly out, F9 (Flyball, 89S, EV 88.8 MPH)
|
|
Batting: LHB Brian Wagner
|
0-0: Ground out 5-3 (Groundball, 5D, EV 101.9 MPH)
|
|
Batting: RHB Antonio Santos
|
0-0: Foul Ball, location: 2F 0-1: DOUBLE (Flyball, 89D, EV 109.4 MPH)
|
|
Batting: RHB Ton van Dijk
|
0-0: Called Strike 0-1: Foul Ball, location: 2F 0-2: Ball 1-2: Foul Ball, location: 2F 1-2: SINGLE (Groundball, 56S, EV 67.5 MPH) (infield hit) Antonio Santos to third
|
|
Batting: RHB John Dew
|
0-0: Called Strike 0-1: Ball 1-1: Ball 2-1: Swinging Strike 2-2: Ball Wild Pitch! Antonio Santos scores Ton van Dijk to second 3-2: Foul Ball, location: 2F 3-2: Base on Balls
|
|
Batting: RHB David McClellan
|
0-0: Ball 1-0: Fly out, F8 (Line Drive, 8LM, EV 85.0 MPH)
|
| Bottom of the 2nd over - 1 run, 2 hits, 0 errors, 2 left on base; London 0 - Winnipeg 1 |
| TOP OF THE 3RD |
|
London Majors batting - Pitching for Winnipeg Goldeyes : RHP Tom Winsor
|
|
Batting: RHB Terry Plumley
|
0-0: Ball 1-0: Called Strike 1-1: Foul Ball, location: 2F 1-2: Ball 2-2: Strikes out swinging
|
|
Batting: RHB John Hering
|
0-0: Called Strike 0-1: Called Strike 0-2: Strikes out swinging
|
|
Batting: RHB Brock Van Gilder
|
0-0: SINGLE (Flyball, 78S, EV 94.4 MPH)
|
|
Batting: LHB Frank Nelson
|
0-0: Ball 1-0: Called Strike 1-1: Ball 2-1: Foul Ball, location: 2F 2-2: Ball 3-2: Fly out, F7 (Flyball, 78S, EV 86.9 MPH)
|
| Top of the 3rd over - 0 runs, 1 hit, 0 errors, 1 left on base; London 0 - Winnipeg 1 |
| BOTTOM OF THE 3RD |
|
Winnipeg Goldeyes batting - Pitching for London Majors : RHP Brad Harth
|
|
Batting: RHB Steve Raine
|
0-0: Called Strike 0-1: Swinging Strike 0-2: Strikes out swinging
|
|
Batting: SHB Ian Thompson
|
0-0: Ball 1-0: Ball 2-0: Foul Ball, location: 2F 2-1: Ground out 3-1 (Groundball, 34S, EV 85.6 MPH)
|
|
Batting: LHB Marvin Shepherd
|
0-0: Ball 1-0: Ball 2-0: SINGLE (Groundball, 34S, EV 75.0 MPH) (infield hit)
|
|
Batting: LHB Kuemon Shishido
|
0-0: Ball 1-0: Foul Ball, location: 2F 1-1: Ball 2-1: Ground out 5-3 (Groundball, 56S, EV 64.4 MPH)
|
| Bottom of the 3rd over - 0 runs, 1 hit, 0 errors, 1 left on base; London 0 - Winnipeg 1 |
| TOP OF THE 4TH |
|
London Majors batting - Pitching for Winnipeg Goldeyes : RHP Tom Winsor
|
|
Batting: RHB Frank Caulfield
|
0-0: Ball 1-0: Ball 2-0: Ball 3-0: Base on Balls
|
|
Batting: RHB Chris Martin
|
0-0: Called Strike Frank Caulfield steals 2nd base 0-1: Ball 1-1: Called Strike 1-2: DOUBLE (Line Drive, 8LD, EV 96.9 MPH) Frank Caulfield scores
|
|
Batting: RHB Erik Coleman
|
0-0: Foul Ball, location: 2F 0-1: Ground out 4-3 (Groundball, 34, EV 83.1 MPH) Chris Martin to third
|
|
Batting: RHB Jake Bronner
|
0-0: Bunted foul 0-1: Fly out, F4 (Popup, 4S, EV 38.1 MPH)
|
|
Batting: RHB Bobby Lasaguna
|
0-0: Foul Ball, location: 2F 0-1: Ball 1-1: Foul Ball, location: 2F 1-2: Ball 2-2: Ball 3-2: Base on Balls
|
|
Batting: RHB Terry Plumley
|
0-0: Ball 1-0: Called Strike 1-1: Called Strike 1-2: Strikes out swinging
|
| Top of the 4th over - 1 run, 1 hit, 0 errors, 2 left on base; London 1 - Winnipeg 1 |
| BOTTOM OF THE 4TH |
|
Winnipeg Goldeyes batting - Pitching for London Majors : RHP Brad Harth
|
|
Batting: LHB Brian Wagner
|
0-0: Called Strike 0-1: Foul Ball, location: 2F 0-2: Ball 1-2: Ball 2-2: Strikes out swinging
|
|
Batting: RHB Antonio Santos
|
0-0: Fly out, F5 (Line Drive, 5, EV 62.5 MPH)
|
|
Batting: RHB Ton van Dijk
|
0-0: Ball 1-0: Called Strike 1-1: Swinging Strike 1-2: SINGLE (Groundball, 5L, EV 95.0 MPH)
|
|
Batting: RHB John Dew
|
0-0: Ball Ton van Dijk steals 2nd base 1-0: Ball 2-0: SINGLE (Groundball, 4MD, EV 105.6 MPH) Ton van Dijk to third Runner from 3rd tries for Home, SAFE, throw by CF to home John Dew to second
|
|
Batting: RHB David McClellan
|
0-0: Called Strike 0-1: Called Strike 0-2: Ball 1-2: Strikes out swinging
|
| Bottom of the 4th over - 1 run, 2 hits, 0 errors, 1 left on base; London 1 - Winnipeg 2 |
| TOP OF THE 5TH |
|
London Majors batting - Pitching for Winnipeg Goldeyes : RHP Tom Winsor
|
|
Batting: RHB John Hering
|
0-0: Foul Ball, location: 2F 0-1: Called Strike 0-2: Foul Ball, location: 2F 0-2: Ball 1-2: Ball 2-2: Fly out, F7 (Flyball, 7, EV 86.3 MPH)
|
|
Batting: RHB Brock Van Gilder
|
0-0: Ball 1-0: Ball 2-0: Foul Ball, location: 2F 2-1: Called Strike 2-2: SINGLE (Groundball, 56D, EV 95.0 MPH)
|
|
Batting: LHB Frank Nelson
|
0-0: Called Strike 0-1: Ball 1-1: Ball Brock Van Gilder steals 2nd base 2-1: Swinging Strike 2-2: Foul Ball, location: 2F 2-2: Strikes out swinging
|
|
Batting: RHB Frank Caulfield
|
0-0: DOUBLE (Line Drive, 78D, EV 111.9 MPH) Brock Van Gilder scores
|
|
Batting: RHB Chris Martin
|
0-0: Ball 1-0: Foul Ball, location: 2F 1-1: Swinging Strike 1-2: Ball 2-2: Foul Ball, location: 2F 2-2: Strikes out swinging
|
| Top of the 5th over - 1 run, 2 hits, 0 errors, 1 left on base; London 2 - Winnipeg 2 |
| BOTTOM OF THE 5TH |
|
Winnipeg Goldeyes batting - Pitching for London Majors : RHP Brad Harth
|
|
Batting: RHB Steve Raine
|
0-0: Ball 1-0: Ball 2-0: SINGLE (Groundball, 15S, EV 66.3 MPH) (infield hit)
|
|
Batting: SHB Ian Thompson
|
0-0: Ball Steve Raine steals 2nd base 1-0: Ball 2-0: Foul Ball, location: 2F 2-1: Ball 3-1: Swinging Strike 3-2: Strikes out swinging
|
|
Batting: LHB Marvin Shepherd
|
0-0: Foul Ball, location: 2F 0-1: Ball 1-1: Called Strike 1-2: Ball 2-2: DOUBLE (Line Drive, 7LD, EV 101.9 MPH) Steve Raine scores
|
|
Batting: LHB Kuemon Shishido
|
0-0: Ball 1-0: Ball 2-0: Ball 3-0: Called Strike 3-1: SINGLE (Flyball, 56D, EV 85.6 MPH) Marvin Shepherd to third
|
|
Batting: LHB Brian Wagner
|
0-0: Called Strike 0-1: Ball 1-1: Ball 2-1: Ball 3-1: Foul Ball, location: 2F 3-2: Foul Ball, location: 2F 3-2: Fly out, F7 (Flyball, 7, EV 80.0 MPH) Runner from 3rd tags up, SCORES, throw by LF
|
|
Batting: RHB Antonio Santos
|
0-0: Ball 1-0: Ground out 4-3 (Groundball, 4, EV 89.4 MPH)
|
| Bottom of the 5th over - 2 runs, 3 hits, 0 errors, 1 left on base; London 2 - Winnipeg 4 |
| TOP OF THE 6TH |
|
London Majors batting - Pitching for Winnipeg Goldeyes : RHP Tom Winsor
|
|
Batting: RHB Erik Coleman
|
0-0: Called Strike 0-1: Called Strike 0-2: Foul Ball, location: 2F 0-2: Strikes out swinging
|
|
Batting: RHB Jake Bronner
|
0-0: Called Strike 0-1: Called Strike 0-2: Ball 1-2: Ball 2-2: Foul Ball, location: 2F 2-2: Ball 3-2: Foul Ball, location: 2F 3-2: Base on Balls
|
|
Pitching: RHP Tim Weller
|
|
|
Batting: RHB Bobby Lasaguna
|
0-0: Ball Jake Bronner steals 2nd base 1-0: Ball Jake Bronner is caught stealing 3rd base 2-5 2-0: Foul Ball, location: 2F 2-1: Called Strike 2-2: Foul Ball, location: 2F 2-2: Strikes out swinging
|
| Top of the 6th over - 0 runs, 0 hits, 0 errors, 0 left on base; London 2 - Winnipeg 4 |
| BOTTOM OF THE 6TH |
|
Winnipeg Goldeyes batting - Pitching for London Majors : RHP Brad Harth
|
|
Pitching: RHP Pat Powell
|
|
|
Batting: RHB Ton van Dijk
|
0-0: Ball 1-0: Called Strike 1-1: Swinging Strike 1-2: Strikes out swinging
|
|
Batting: RHB John Dew
|
0-0: Called Strike 0-1: Ball 1-1: Ball 2-1: Fly out, F7 (Flyball, 7, EV 88.1 MPH)
|
|
Batting: RHB David McClellan
|
0-0: Called Strike 0-1: Foul Ball, location: 2F 0-2: Ball 1-2: Foul Ball, location: 2F 1-2: SINGLE (Groundball, 4MD, EV 103.1 MPH)
|
|
Batting: RHB Steve Raine
|
0-0: Called Strike 0-1: Foul Ball, location: 2F 0-2: Ball 1-2: Foul Ball, location: 2F 1-2: Ball 2-2: Fly out, F8 (Flyball, 8RM, EV 74.4 MPH)
|
| Bottom of the 6th over - 0 runs, 1 hit, 0 errors, 1 left on base; London 2 - Winnipeg 4 |
| TOP OF THE 7TH |
|
London Majors batting - Pitching for Winnipeg Goldeyes : RHP Tim Weller
|
|
Batting: RHB Victor Ayala
|
0-0: Fly out, F8 (Line Drive, 8LM, EV 106.9 MPH)
|
|
Batting: RHB John Hering
|
0-0: Called Strike 0-1: Swinging Strike 0-2: Ball 1-2: Ball 2-2: Fly out, F5 (Popup, 56, EV 54.4 MPH)
|
|
Batting: RHB Brock Van Gilder
|
0-0: Ball 1-0: Swinging Strike 1-1: Fly out, F5 (Flyball, 56D, EV 92.5 MPH)
|
| Top of the 7th over - 0 runs, 0 hits, 0 errors, 0 left on base; London 2 - Winnipeg 4 |
| BOTTOM OF THE 7TH |
|
Winnipeg Goldeyes batting - Pitching for London Majors : RHP Pat Powell
|
|
Pitching: RHP Tim Donovan
|
|
|
Batting: SHB Ian Thompson
|
0-0: Foul Ball, location: 2F 0-1: Called Strike 0-2: Foul Ball, location: 2F 0-2: Ball 1-2: Ball 2-2: Ball 3-2: Base on Balls
|
|
Batting: LHB Marvin Shepherd
|
0-0: Ball 1-0: Foul Ball, location: 2F 1-1: Called Strike 1-2: Strikes out swinging
|
|
Batting: LHB Kuemon Shishido
|
0-0: Ball 1-0: Called Strike 1-1: Foul Ball, location: 2F 1-2: Ball 2-2: Foul Ball, location: 2F 2-2: SINGLE (Line Drive, 4MD, EV 101.9 MPH) Ian Thompson to second
|
|
Batting: LHB Brian Wagner
|
0-0: Fly out, F9 (Flyball, 89XD, EV 88.8 MPH) Runner from 2nd tags up, SAFE at 3rd, no throw by RF
|
|
Batting: RHB Antonio Santos
|
0-0: Ball 1-0: Ball 2-0: Ball 3-0: Base on Balls Kuemon Shishido to second
|
|
Batting: RHB Ton van Dijk
|
0-0: SINGLE (Line Drive, 4M, EV 95.6 MPH) Ian Thompson scores Kuemon Shishido to third Antonio Santos to second Runner from 3rd tries for Home, SAFE, throw by CF to home
|
|
Batting: RHB John Dew
|
0-0: Foul Ball, location: 2F 0-1: Foul Ball, location: 2F 0-2: Ball 1-2: Ball 2-2: Fielders Choice at 2nd, 6-4 (Groundball, 6, EV 86.3 MPH)
|
| Bottom of the 7th over - 2 runs, 2 hits, 0 errors, 2 left on base; London 2 - Winnipeg 6 |
| TOP OF THE 8TH |
|
London Majors batting - Pitching for Winnipeg Goldeyes : RHP Tim Weller
|
|
Batting: LHB Frank Nelson
|
0-0: Foul Ball, location: 2F 0-1: Ball 1-1: Ball 2-1: Ball 3-1: Foul Ball, location: 2F 3-2: Base on Balls
|
|
Batting: RHB Frank Caulfield
|
0-0: Called Strike 0-1: Foul Ball, location: 2F 0-2: Ball 1-2: Ball 2-2: Ball 3-2: Fly out, F9 (Flyball, 9LM, EV 86.3 MPH)
|
|
Batting: RHB Chris Martin
|
0-0: Ball 1-0: Foul Ball, location: 2F 1-1: Foul Ball, location: 2F 1-2: Grounds into double play, 6-4-3 (Groundball, 6M, EV 99.4 MPH)
|
| Top of the 8th over - 0 runs, 0 hits, 0 errors, 0 left on base; London 2 - Winnipeg 6 |
| BOTTOM OF THE 8TH |
|
Winnipeg Goldeyes batting - Pitching for London Majors : RHP Tim Donovan
|
|
Pitching: RHP Matt Still
|
|
|
Batting: RHB David McClellan
|
0-0: Ground out 4-3 (Groundball, 4S, EV 70.0 MPH)
|
|
Batting: RHB Steve Raine
|
0-0: Swinging Strike 0-1: Ground out 5-3 (Groundball, 56, EV 83.1 MPH)
|
|
Batting: SHB Ian Thompson
|
0-0: Ball 1-0: Ball 2-0: Ball 3-0: Base on Balls
|
|
Batting: LHB Marvin Shepherd
|
Pickoff Throw to First - Out! 1-3
|
| Bottom of the 8th over - 0 runs, 0 hits, 0 errors, 0 left on base; London 2 - Winnipeg 6 |
| TOP OF THE 9TH |
|
London Majors batting - Pitching for Winnipeg Goldeyes : RHP Tim Weller
|
|
Pitching: LHP Kevin Drew
|
|
|
Batting: RHB Erik Coleman
|
0-0: Ball 1-0: Called Strike 1-1: Foul Ball, location: 2F 1-2: Ball 2-2: Strikes out swinging
|
|
Batting: RHB Jake Bronner
|
0-0: Swinging Strike 0-1: Foul Ball, location: 2F 0-2: Strikes out looking
|
|
Batting: RHB Bobby Lasaguna
|
0-0: Foul Ball, location: 2F 0-1: Ball 1-1: Swinging Strike 1-2: Foul Ball, location: 2F 1-2: Strikes out looking
|
| Top of the 9th over - 0 runs, 0 hits, 0 errors, 0 left on base; London 2 - Winnipeg 6 |
|